 Dungeon Crawl Stone Soup version 0.32-a0-30-gefbe487952 (webtiles) character file.

Game seed: 16068565928437186755

601 oldriver the Trooper (level 7, -1/55 HPs)
             Began as a Demonspawn Fire Elementalist on Jan 20, 2024.
             Slain by an iguana (6 damage)
             ... on level 3 of the Dungeon.
             The game lasted 00:08:26 (5599 turns).

oldriver the Trooper (Demonspawn Fire Elementalist) Turns: 5599, Time: 00:08:27

Health: -1/55      AC: 12    Str:  9    XL:     7   Next: 18%
Magic:  0/13       EV: 10    Int: 20    God:
Gold:   386        SH:  0    Dex: 13    Spells: 11/14 levels left

rFire   . . .        d - +0 short sword
rCold   + . .        (no shield)
rNeg    . . .        o - +1 ring mail of the Kappa {rPois rC+ Int+3}
rPois   +            (no helmet)
rElec   .            (no cloak)
rCorr   .            (no gloves)
SInv    .            (no boots)
Will    .....        (no amulet)
Stlth   +            (no ring)
HPRegen 0.29/turn    (no ring)
MPRegen 0.13/turn

%: no passive effects
@: sanguine armoured, very slightly contaminated
A: sanguine armour 1, demonic touch 2
a: no special abilities


You were on level 3 of the Dungeon.
You visited 2 branches of the dungeon, and saw 6 of its levels.
You also visited: Ossuary.

You collected 386 gold pieces.

Inventory:

Hand Weapons
 d - a +0 short sword (weapon)
Armour
 o - the +1 ring mail of the Kappa (worn) {rPois rC+ Int+3}
   (You found it on level 2 of the Dungeon)

   Int+3:     It affects your intelligence (+3).
   rC+:       It protects you from cold.
   rPois:     It protects you from poison
Jewellery
 q - a ring of resist corrosion
Scrolls
 a - a scroll of amnesia
 f - a scroll of enchant armour
 i - a scroll of noise
Potions
 b - 4 potions of heal wounds
 c - a potion of haste {unknown}
 e - 2 potions of lignification
 g - a potion of attraction
 h - 4 potions of degeneration
 j - 2 potions of curing
 l - 2 potions of might
 m - a potion of berserk rage {unknown}
 p - a potion of ambrosia
 r - a potion of mutation


   Skills:
 + Level 4.4 Fighting
 - Level 1.7 Dodging
 - Level 1.7 Stealth
 + Level 4.4 Spellcasting
 - Level 4.0 Conjurations
 - Level 3.0 Fire Magic


You had 11 spell levels left.
You knew the following spells:

 Your Spells              Type           Power      Damage    Failure   Level
a - Foxfire               Conj/Fire      72%        2x1d7     9%          1
b - Scorch                Fire           32%        2d6       16%         2

Your spell library contained the following spells:

 Spells                   Type           Power      Damage    Failure   Level
 Inner Flame              Hex/Fire       10%        N/A       50%         3
 Volatile Blastmotes      Fire/Tloc      20%        2d11      50%         3
 Flame Wave               Conj/Fire      18%        2d7       63%         4


Dungeon Overview and Level Annotations

Branches:
Dungeon (5/15)             Temple (1/1) D:4         Ossuary (visited)

Altars:
Ashenzari
Cheibriados
Dithmenos
Fedhas
Hepliaklqana
Okawaru
Qazlal
Ru
Trog
Vehumet
Xom
Yredelemnul

Annotations:
D:2 Natasha
D:4 Ijyb, Pikel


Innate Abilities, Weirdness & Mutations

When seriously injured, your blood forms armour. (AC +6)
Your touch may inflict irresistible damage on your foes.


Message History

Ijyb's fire resistance burns away.
Ijyb zaps a wand.
The roots erupt in riotous growth!
The grasping roots grab you! The grasping roots constrict you.
You hear an angry hiss.
You hear a shout!
The roots grasp on you weakens, but your attempt to escape fails.
You hear a shout!
The grasping roots constrict you.
You escape the roots grasp.
You are no longer corroded.
Ijyb is no longer more vulnerable to fire.
An iguana comes into view.
The iguana hisses angrily.
The iguana closely misses you. The iguana bites you.
There is a stone staircase leading up here.
The iguana closely misses you.
Ijyb zaps a wand.
The roots erupt in riotous growth!
The grasping roots grab you!
The iguana is unaffected.
The grasping roots constrict you.
* * * LOW HITPOINT WARNING * * *
The roots lose their grip on you.
You climb upwards.
There is a stone staircase leading down here.
Casting: Scorch (safe; 16% risk of failure)
Confirm with . or Enter, or press ? or * to list all spells.
Flames lash the iguana.
The iguana is moderately wounded.
The iguana's fire resistance burns away.
The iguana bites you!
* * * LOW HITPOINT WARNING * * *
Casting: Scorch (safe; 16% risk of failure)
Confirm with . or Enter, or press ? or * to list all spells.
You miscast Foxfire.
You are very lightly contaminated with residual magic.
Nothing appears to happen.
The iguana barely misses you.
Unknown command.
You hit the iguana.
The iguana is moderately wounded.
The iguana bites you.
You die...

############## ##...#.#.#.#.#.
##..##.#.#.#.#.#
#.....###.###.## ######
#.#.##.#.#.#.#.# #....#
########.#...#.#.#.#.#. #....#
#........############## #..<.#
#........# #....# #.....@..#
#### #....# ####.l..## #...
#....######.##.# #.(.
#....#...##.##.#############..
##.###.#......................
#.###.####.####...###########
#..##.# #..# ###...# #.
#..##.# ##.### ###.# #.
#..##.# #...## #.# #.


You could see an iguana (combustible).

Vanquished Creatures
  A black bear (D:5)
  An ogre (D:3)
  A scorpion (D:5)
  2 hounds (D:5)
  A jelly (D:4)
  Natasha (D:2)
  An orc wizard (D:3)
  8 mummies (Ossuary)
  5 adders
  2 dart slugs
  5 orcs
  8 ball pythons
  2 endoplasms
  5 giant cockroaches
  3 gnoll zombies (Ossuary)
  8 goblins
  9 hobgoblins
  2 jackals (D:1)
  3 quokkas
  9 bats
  2 frilled lizards
  3 kobolds
  5 orc zombies (Ossuary)
  3 rats
90 creatures vanquished.

Vanquished Creatures (collateral kills)
  21 foxfires (D:3)
21 creatures vanquished.

Vanquished Creatures (others)
  464 foxfires
464 creatures vanquished.

Grand Total: 575 creatures vanquished

Notes
Turn   | Place    | Note
-------+----------+-------------------------------------------
     0 | D:1      | oldriver the Demonspawn Fire Elementalist began the quest
                  | for the Orb.
     0 | D:1      | Reached XP level 1. HP: 13/13 MP: 3/3
   433 | D:1      | Gained mutation: Your touch may inflict minor irresistible
                  | damage on your foes. [demonic ancestry]
   433 | D:1      | Reached XP level 2. HP: 20/20 MP: 0/5
  1164 | D:1      | Reached skill level 1 in Fighting
  1807 | D:2      | Gained mutation: Your touch may inflict irresistible damage
                  | on your foes. [demonic ancestry]
  1807 | D:2      | Reached XP level 3. HP: 26/26 MP: 0/6
  2039 | D:2      | Noticed Natasha
  2044 | D:2      | Killed Natasha
  2045 | D:2      | Reached XP level 4. HP: 33/33 MP: 2/8
  2058 | D:2      | Noticed Natasha
  2129 | D:2      | Identified the +1 ring mail of the Kappa {rPois rC+ Int+3}
  3113 | D:3      | Noticed an ogre
  3137 | D:3      | Killed an ogre
  3138 | D:3      | Gained mutation: When seriously injured, your blood forms
                  | armour. (AC +6) [demonic ancestry]
  3138 | D:3      | Reached XP level 5. HP: 41/41 MP: 0/10
  3812 | D:3      | Found a faded altar of an unknown god.
  4126 | D:4      | Noticed a lemure
  4127 | D:4      | Noticed a lemure
  4127 | D:4      | Noticed a lemure
  4127 | D:4      | Noticed Pikel
  4127 | D:4      | Noticed a lemure
  4155 | D:3      | Learned a level 2 spell: Scorch
  4194 | D:4      | Found a staircase to the Ecumenical Temple.
  4413 | Temple   | Entered the Ecumenical Temple
  4528 | D:4      | Noticed Ijyb
  4686 | D:5      | Entered Level 5 of the Dungeon
  4722 | D:5      | Reached XP level 6. HP: 39/47 MP: 4/11
  4781 | D:5      | Noticed an orc warrior
  4825 | D:5      | Found a sand-covered staircase.
  4835 | Ossuary  | Entered an ossuary
  5092 | Ossuary  | Reached XP level 7. HP: 54/54 MP: 5/13
  5599 | D:3      | Slain by an iguana

Illustrated notes

Levels and vault maps discovered:
D:1:      minmay_arrival_four_circles, layout_loops_corners, nicolae_titane
D:2:      layout_basic, nicolae_elevator_lobby_plus, uniq_natasha
D:3:      layout_rooms, ebering_ecumenical_altar_sacrificial,
          serial_bayou_lagoon_a, roderic_roman_lattice, minmay_misc_feat_tower
D:4:      layout_basic, minmay_temple_entry_junction_2, minmay_ruptured,
          uniq_ijyb, uniq_pikel
D:5:      layout_cave_pods, general_overflow_altar,
          mainiacjoe_ossuary_entry_dusty_tomb, st_stairs_11,
          pf_guarded_unrand_delatra
Temple:   cyrus_circular_temple

Skill      XL: |  1  2  3  4  5  6  7 |
---------------+----------------------+-----
Fighting       | 1 2 3 4 |  4.4
Fire Magic     | 3 |  3.0
Conjurations   | 2 3 4 |  4.0
Spellcasting   | 3 4 |  4.4
Dodging        | |  1.7
Stealth        | |  1.7

Action                     |  1- 3 |  4- 6 |  7- 9 || total
---------------------------+-------+-------+-------++-------
  Melee: Short sword       |     3 |    14 |     4 ||    21
         Touch             |     1 |     4 |     1 ||     6
         Punch             |       |     1 |       ||     1
   Cast: Foxfire           |    92 |   161 |    31 ||   284
         Scorch            |       |     4 |     5 ||     9
    Use: Scroll            |       |     9 |    10 ||    19
         Potion            |       |     2 |     1 ||     3
 Armour: Robe              |     4 |       |       ||     4
         Ring mail         |       |    73 |    22 ||    95
  Dodge: Dodged            |    20 |    47 |    15 ||    82

Table legend: (Time is in decaauts)
 A = Elapsed time spent in this place.
 B = Non-inter-level travel time spent in this place.
 C = Inter-level travel time spent in this place.
 D = Time resting spent in this place.
 E = Time spent auto-exploring this place.
 F = Levels seen in this place.
 G = Mean time per level.
                   A        B        C        D        E       F      G
               +--------+--------+--------+--------+--------+-----+--------+
         Total |   5601 |   5465 |    136 |    675 |   3805 |   7 |  800.1 |
       Dungeon |   4893 |   4761 |    132 |    400 |   3529 |   5 |  978.6 |
        Temple |      7 |      3 |      4 |      0 |      0 |   1 |    7.0 |
       Ossuary |    699 |    699 |      0 |    275 |    276 |   1 |  699.0 |
               +--------+--------+--------+--------+--------+-----+--------+

Top non-repeatable levels by time:
     D:1: 1581 daAuts
     D:2: 1312 daAuts
     D:3: 1278 daAuts
 Ossuary: 699 daAuts
     D:4: 569 daAuts
     D:5: 152 daAuts
  Temple: 7 daAuts
